PBL
OAKLAND OAKS @ MIAMI BEACH MARLINS
07/12/2044
 
TOP OF THE 1ST
Oakland Oaks batting - Pitching for Miami Beach Marlins : RHP Jorge Lopez
Pitching: RHP Jorge Lopez
Batting: RHB Brian Callaghan 0-0: Ball
1-0: Foul Ball, location: 2F
1-1: Ball
2-1: Ball
3-1: Swinging Strike
3-2: Foul Ball, location: 2F
3-2: Foul Ball, location: 2F
3-2: Base on Balls
Batting: RHB Scott Lister 0-0: Called Strike
Brian Callaghan steals 2nd base
0-1: Called Strike
0-2: Ball
1-2: Strikes out swinging
Batting: LHB Alejandro Muniz 0-0: Ball
1-0: Called Strike
1-1: Fly out, F8 (Flyball, 8RD, EV 83.1 MPH)
Batting: SHB Steve Salafia 0-0: SINGLE (Line Drive, 89S, EV 107.5 MPH)
Brian Callaghan to third
Runner from 3rd tries for Home, throw by RF and OUT! 9-2
Top of the 1st over - 0 runs, 1 hit, 0 errors, 1 left on base; Oakland 0 - Miami Beach 0
BOTTOM OF THE 1ST
Miami Beach Marlins batting - Pitching for Oakland Oaks : RHP Dan Rohrbach
Pitching: RHP Dan Rohrbach
Batting: LHB Jose Bregaro 0-0: Foul Ball, location: 2F
0-1: Called Strike
0-2: Ball
1-2: Foul Ball, location: 2F
1-2: Ball
2-2: Ball
3-2: Ground out 6-3 (Groundball, 6M, EV 85.0 MPH)
Batting: LHB Eric Bailey 0-0: Foul Ball, location: 2F
0-1: Ball
1-1: Ball
2-1: Ball
3-1: Foul Ball, location: 2F
3-2: Foul Ball, location: 2F
3-2: Foul Ball, location: 2F
3-2: Foul Ball, location: 2F
3-2: Base on Balls
Batting: RHB Dale Young 0-0: Called Strike
0-1: Called Strike
0-2: Foul Ball, location: 2F
0-2: Fly out, F7 (Flyball, 7LD, EV 98.1 MPH)
Batting: RHB Tony Stedman 0-0: Ball
1-0: DOUBLE (Flyball, 89XD, EV 104.4 MPH)
Eric Bailey to third
Batting: RHB Willie Chavez 0-0: Ball
1-0: Called Strike
1-1: Ball
2-1: Ball
3-1: Foul Ball, location: 9LSF, Error on foul ball, E9
3-2: Strikes out looking
Bottom of the 1st over - 0 runs, 1 hit, 1 error, 2 left on base; Oakland 0 - Miami Beach 0
TOP OF THE 2ND
Oakland Oaks batting - Pitching for Miami Beach Marlins : RHP Jorge Lopez
Batting: LHB Mike Murphy 0-0: Swinging Strike
0-1: Ball
1-1: Called Strike
1-2: Strikes out swinging
Batting: LHB Marcus Pollard 0-0: Called Strike
0-1: Foul Ball, location: 2F
0-2: Foul Ball, location: 2F
0-2: Ball
1-2: Reached on error, E8 (Line Drive, 8RD, EV 91.9 MPH)
Batting: RHB Jon Coakley 0-0: Ball
1-0: Ground out 5-3 (Groundball, 56S, EV 71.9 MPH)
Marcus Pollard to third
Batting: RHB Jake Leffel 0-0: Called Strike
0-1: Ball
Wild Pitch!
Marcus Pollard scores
1-1: Called Strike
1-2: Strikes out swinging
Top of the 2nd over - 1 run, 0 hits, 1 error, 0 left on base; Oakland 1 - Miami Beach 0
BOTTOM OF THE 2ND
Miami Beach Marlins batting - Pitching for Oakland Oaks : RHP Dan Rohrbach
Batting: RHB Erik Coleman 0-0: Ball
1-0: Ball
2-0: Ball
3-0: Called Strike
3-1: SINGLE (Line Drive, 3D, EV 103.8 MPH)
Batting: RHB J.D. Vander Klok 0-0: Fly out, F7 (Line Drive, 7, EV 107.5 MPH)
Batting: RHB Andy Kelly 0-0: Grounds into double play, 4-6-3 (Groundball, 34, EV 106.9 MPH)
Bottom of the 2nd over - 0 runs, 1 hit, 0 errors, 0 left on base; Oakland 1 - Miami Beach 0
TOP OF THE 3RD
Oakland Oaks batting - Pitching for Miami Beach Marlins : RHP Jorge Lopez
Batting: RHB Alberto Malagon 0-0: Called Strike
0-1: Ball
1-1: Foul Ball, location: 2F
1-2: Ground out 3-1 (Groundball, 34, EV 83.1 MPH)
Batting: RHB Brian Callaghan 0-0: Ball
1-0: Foul Ball, location: 2F
1-1: Called Strike
1-2: SINGLE (Groundball, 56D, EV 98.1 MPH)
Batting: RHB Scott Lister 0-0: Called Strike
0-1: Foul Ball, location: 2F
0-2: Ball
1-2: Ball
2-2: Foul Ball, location: 2F
2-2: Foul Ball, location: 2F
2-2: Foul Ball, location: 2F
2-2: Strikes out swinging
Batting: LHB Alejandro Muniz 0-0: Ball
Brian Callaghan is caught stealing 2nd base 2-6
Top of the 3rd over - 0 runs, 1 hit, 0 errors, 0 left on base; Oakland 1 - Miami Beach 0
BOTTOM OF THE 3RD
Miami Beach Marlins batting - Pitching for Oakland Oaks : RHP Dan Rohrbach
Batting: RHB Axel Moltke 0-0: Ball
1-0: Called Strike
1-1: Foul Ball, location: 2F
1-2: Ground out 3-1 (Groundball, 34, EV 85.0 MPH)
Batting: LHB Jose Bregaro 0-0: Ball
1-0: Swinging Strike
1-1: Ball
2-1: Foul Ball, location: 2F
2-2: Foul Ball, location: 2F
2-2: Foul Ball, location: 2F
2-2: Foul Ball, location: 2F
2-2: Ball
3-2: Foul Ball, location: 2F
3-2: Fly out, F3 (Line Drive, 3, EV 63.1 MPH)
Batting: LHB Eric Bailey 0-0: Called Strike
0-1: Ball
1-1: Ball
2-1: Swinging Strike
2-2: Foul Ball, location: 2F
2-2: Ball
3-2: Base on Balls
Batting: RHB Dale Young 0-0: Called Strike
0-1: Called Strike
0-2: Ball
1-2: SINGLE (Flyball, 8RS, EV 91.3 MPH)
Eric Bailey to second
Runner from 2nd tries for 3rd, SAFE, no throw by CF
Batting: RHB Tony Stedman 0-0: SINGLE (Flyball, 8LS, EV 91.3 MPH)
Eric Bailey scores
Dale Young to second
Batting: RHB Willie Chavez 0-0: Ball
1-0: Foul Ball, location: 2F
1-1: Ball
2-1: Swinging Strike
2-2: Strikes out swinging
Bottom of the 3rd over - 1 run, 2 hits, 0 errors, 2 left on base; Oakland 1 - Miami Beach 1
TOP OF THE 4TH
Oakland Oaks batting - Pitching for Miami Beach Marlins : RHP Jorge Lopez
Batting: LHB Alejandro Muniz 0-0: Called Strike
0-1: Ground out 4-3 (Groundball, 4, EV 103.1 MPH)
Batting: SHB Steve Salafia 0-0: Called Strike
0-1: Ball
1-1: Ball
2-1: Ball
3-1: Base on Balls
Batting: LHB Mike Murphy 0-0: Ball
Steve Salafia steals 2nd base
1-0: Ball
2-0: Called Strike
2-1: Ball
3-1: Foul Ball, location: 2F
3-2: Foul Ball, location: 2F
3-2: Foul Ball, location: 2F
3-2: Strikes out looking
Pitching: RHP Frank Schulman
Batting: LHB Marcus Pollard 0-0: Ball
1-0: Called Strike
1-1: Ball
2-1: Swinging Strike
2-2: Strikes out swinging
Top of the 4th over - 0 runs, 0 hits, 0 errors, 1 left on base; Oakland 1 - Miami Beach 1
BOTTOM OF THE 4TH
Miami Beach Marlins batting - Pitching for Oakland Oaks : RHP Dan Rohrbach
Batting: RHB Erik Coleman 0-0: Ball
1-0: Fly out, F8 (Line Drive, 8LM, EV 93.1 MPH)
Batting: RHB J.D. Vander Klok 0-0: Fly out, F9 (Flyball, 89S, EV 93.8 MPH)
Batting: RHB Andy Kelly 0-0: Foul Ball, location: 2F
0-1: Called Strike
0-2: Ball
1-2: Ball
2-2: Ball
3-2: Fly out, F7 (Line Drive, 7, EV 93.8 MPH)
Bottom of the 4th over - 0 runs, 0 hits, 0 errors, 0 left on base; Oakland 1 - Miami Beach 1
TOP OF THE 5TH
Oakland Oaks batting - Pitching for Miami Beach Marlins : RHP Frank Schulman
Batting: RHB Jon Coakley 0-0: Called Strike
0-1: Called Strike
0-2: Foul Ball, location: 2F
0-2: Strikes out swinging
Batting: RHB Jake Leffel 0-0: SINGLE (Line Drive, 6MD, EV 96.3 MPH)
Batting: RHB Alberto Malagon 0-0: Ball
1-0: Ball
2-0: Foul Ball, location: 2F
2-1: Called Strike
2-2: Strikes out looking
Batting: RHB Brian Callaghan 0-0: Ball
1-0: Called Strike
1-1: Swinging Strike
1-2: Ball
Passed Ball!
Jake Leffel to second
2-2: Ball
3-2: Foul Ball, location: 2F
3-2: Strikes out looking
Top of the 5th over - 0 runs, 1 hit, 0 errors, 1 left on base; Oakland 1 - Miami Beach 1
BOTTOM OF THE 5TH
Miami Beach Marlins batting - Pitching for Oakland Oaks : RHP Dan Rohrbach
Batting: RHB Axel Moltke 0-0: Called Strike
0-1: Called Strike
0-2: Ball
1-2: Foul Ball, location: 2F
1-2: Strikes out swinging
Pitching: RHP Alex Garrett
Batting: LHB Jose Bregaro 0-0: Called Strike
0-1: Swinging Strike
0-2: Ball
1-2: Ball
2-2: SINGLE (Groundball, 4D, EV 102.5 MPH)
Batting: LHB Eric Bailey 0-0: Swinging Strike
Jose Bregaro steals 2nd base (no throw)
0-1: Ball
1-1: Ball
2-1: Ball
3-1: Foul Ball, location: 2F
3-2: Base on Balls
Batting: RHB Dale Young 0-0: Called Strike
0-1: Called Strike
0-2: Strikes out swinging
Batting: RHB Tony Stedman 0-0: Ball
1-0: Ball
2-0: Ground out U3 (Groundball, 3L, EV 83.1 MPH)
Bottom of the 5th over - 0 runs, 1 hit, 0 errors, 2 left on base; Oakland 1 - Miami Beach 1
TOP OF THE 6TH
Oakland Oaks batting - Pitching for Miami Beach Marlins : RHP Frank Schulman
Pinch Hitting: LHB Felipe Gomez 0-0: Swinging Strike
0-1: Called Strike
0-2: Strikes out swinging
Batting: LHB Alejandro Muniz 0-0: Called Strike
0-1: Swinging Strike
0-2: Foul Ball, location: 2F
0-2: Foul Ball, location: 2F
0-2: Ball
1-2: Strikes out swinging
Batting: SHB Steve Salafia 0-0: Ball
1-0: Called Strike
1-1: Ball
2-1: Foul Ball, location: 2F
2-2: Fly out, F7 (Flyball, 7LS, EV 95.0 MPH)
Top of the 6th over - 0 runs, 0 hits, 0 errors, 0 left on base; Oakland 1 - Miami Beach 1
BOTTOM OF THE 6TH
Miami Beach Marlins batting - Pitching for Oakland Oaks : RHP Alex Garrett
Now at 2B: Antonio Olivares
Batting: RHB Willie Chavez 0-0: Ball
1-0: Called Strike
1-1: Foul Ball, location: 2F
1-2: Foul Ball, location: 2F
1-2: Ball
2-2: DOUBLE (Line Drive, 5D, EV 96.9 MPH)
Batting: RHB Erik Coleman 0-0: Ball
1-0: Ball
2-0: Called Strike
2-1: Ball
3-1: Ground out 5-3 (Groundball, 56, EV 98.1 MPH)
Batting: RHB J.D. Vander Klok 0-0: Ball
1-0: Called Strike
1-1: Fly out, F9 (Flyball, 9S, EV 89.4 MPH)
Batting: RHB Andy Kelly 0-0: Foul Ball, location: 2F
0-1: Foul Ball, location: 2F
0-2: Fly out, F7 (Flyball, 78M, EV 85.0 MPH)
Bottom of the 6th over - 0 runs, 1 hit, 0 errors, 1 left on base; Oakland 1 - Miami Beach 1
TOP OF THE 7TH
Oakland Oaks batting - Pitching for Miami Beach Marlins : RHP Frank Schulman
Pitching: RHP Cory Levine
Batting: LHB Mike Murphy 0-0: Foul Ball, location: 2F
0-1: Foul Ball, location: 2F
0-2: Strikes out looking
Batting: LHB Marcus Pollard 0-0: Called Strike
0-1: Ball
1-1: Ground out 5-3 (Groundball, 56S, EV 93.8 MPH)
Batting: RHB Jon Coakley 0-0: Ball
1-0: Ball
2-0: Called Strike
2-1: Swinging Strike
2-2: Ball
3-2: Strikes out swinging
Top of the 7th over - 0 runs, 0 hits, 0 errors, 0 left on base; Oakland 1 - Miami Beach 1
BOTTOM OF THE 7TH
Miami Beach Marlins batting - Pitching for Oakland Oaks : RHP Alex Garrett
Batting: RHB Axel Moltke 0-0: Ball
1-0: Swinging Strike
1-1: SINGLE (Line Drive, 4D, EV 103.8 MPH)
Batting: LHB Jose Bregaro 0-0: Swinging Strike
0-1: Called Strike
0-2: Ball
1-2: Ball
2-2: Strikes out swinging
Batting: LHB Eric Bailey 0-0: Foul Ball, location: 2F
0-1: Foul Ball, location: 2F
0-2: Ball
1-2: Ball
2-2: Grounds into double play, 6-4-3 (Groundball, 56, EV 82.5 MPH)
Bottom of the 7th over - 0 runs, 1 hit, 0 errors, 0 left on base; Oakland 1 - Miami Beach 1
TOP OF THE 8TH
Oakland Oaks batting - Pitching for Miami Beach Marlins : RHP Cory Levine
Batting: RHB Jake Leffel 0-0: Foul Ball, location: 2F
0-1: Ball
1-1: Ball
2-1: Swinging Strike
2-2: Foul Ball, location: 2F
2-2: Strikes out swinging
Pinch Hitting: LHB Igor Ciobanu 0-0: Ball
1-0: Ball
2-0: Called Strike
2-1: Ball
3-1: Swinging Strike
3-2: Strikes out swinging
Batting: RHB Brian Callaghan 0-0: Foul Ball, location: 2F
0-1: Foul Ball, location: 2F
0-2: Foul Ball, location: 2F
0-2: Strikes out swinging
Top of the 8th over - 0 runs, 0 hits, 0 errors, 0 left on base; Oakland 1 - Miami Beach 1
BOTTOM OF THE 8TH
Miami Beach Marlins batting - Pitching for Oakland Oaks : RHP Alex Garrett
Pitching: LHP Kevin Clark
Now at 3B: David Sharp
Batting: RHB Dale Young 0-0: Fly out, F9 (Flyball, 9LD, EV 103.1 MPH)
Batting: RHB Tony Stedman 0-0: Ball
1-0: Ball
2-0: Ball
3-0: Base on Balls
Batting: RHB Willie Chavez 0-0: Ball
Tony Stedman steals 2nd base
1-0: Called Strike
1-1: Foul Ball, location: 2F
1-2: Foul Ball, location: 2F
1-2: Strikes out swinging
Batting: RHB Erik Coleman 0-0: Fly out, F9 (Flyball, 9, EV 85.0 MPH)
Bottom of the 8th over - 0 runs, 0 hits, 0 errors, 1 left on base; Oakland 1 - Miami Beach 1
TOP OF THE 9TH
Oakland Oaks batting - Pitching for Miami Beach Marlins : RHP Cory Levine
Pitching: LHP Byron Copeland
Batting: RHB Antonio Olivares 0-0: Foul Ball, location: 2F
0-1: Called Strike
0-2: Ball
1-2: Strikes out swinging
Batting: LHB Alejandro Muniz 0-0: Ball
1-0: Ball
2-0: Swinging Strike
2-1: Called Strike
2-2: Ball
3-2: Base on Balls
Batting: SHB Steve Salafia 0-0: Ball
1-0: Swinging Strike
1-1: Ball
2-1: Ball
3-1: Fly out, F8 (Flyball, 8LM, EV 88.8 MPH)
Pinch Hitting: RHB Marcus Kressley 0-0: Ball
1-0: Called Strike
1-1: Ball
2-1: Swinging Strike
2-2: Foul Ball, location: 2F
2-2: Foul Ball, location: 2F
2-2: Ball
3-2: Base on Balls
Alejandro Muniz to second
Batting: LHB Marcus Pollard 0-0: Swinging Strike
0-1: Swinging Strike
0-2: Fly out, F9 (Flyball, 9, EV 85.0 MPH)
Top of the 9th over - 0 runs, 0 hits, 0 errors, 2 left on base; Oakland 1 - Miami Beach 1
BOTTOM OF THE 9TH
Miami Beach Marlins batting - Pitching for Oakland Oaks : LHP Kevin Clark
Now in LF: Marcus Kressley
Batting: RHB J.D. Vander Klok 0-0: Called Strike
0-1: Foul Ball, location: 2F
0-2: Ball
1-2: Ball
2-2: Ball
3-2: Fly out, F8 (Flyball, 8LD, EV 99.4 MPH)
Batting: RHB Andy Kelly 0-0: Ball
1-0: Swinging Strike
1-1: Ball
2-1: Called Strike
2-2: Foul Ball, location: 2F
2-2: Foul Ball, location: 2F
2-2: Ball
3-2: Fly out, F8 (Flyball, 8LM, EV 87.5 MPH)
Batting: RHB Axel Moltke 0-0: Fly out, F8 (Line Drive, 8RM, EV 91.3 MPH)
Bottom of the 9th over - 0 runs, 0 hits, 0 errors, 0 left on base; Oakland 1 - Miami Beach 1
TOP OF THE 10TH
Oakland Oaks batting - Pitching for Miami Beach Marlins : LHP Byron Copeland
Batting: RHB Jon Coakley 0-0: Swinging Strike
0-1: Ball
1-1: Swinging Strike
1-2: Strikes out swinging
Batting: RHB Jake Leffel 0-0: Ball
1-0: Ball
2-0: Foul Ball, location: 2F
2-1: Swinging Strike
2-2: Foul Ball, location: 2F
2-2: Ball
3-2: Strikes out looking
Batting: RHB David Sharp 0-0: Ball
1-0: Ball
2-0: Ball
3-0: Base on Balls
Pitching: RHP Alberto Negrete
Batting: RHB Brian Callaghan 0-0: Called Strike
David Sharp steals 2nd base
0-1: Ball
1-1: Ball
2-1: Ball
3-1: Foul Ball, location: 2F
3-2: Foul Ball, location: 2F
3-2: Foul Ball, location: 2F
3-2: Strikes out looking
Top of the 10th over - 0 runs, 0 hits, 0 errors, 1 left on base; Oakland 1 - Miami Beach 1
BOTTOM OF THE 10TH
Miami Beach Marlins batting - Pitching for Oakland Oaks : LHP Kevin Clark
Batting: LHB Jose Bregaro 0-0: Called Strike
0-1: Ball
1-1: Swinging Strike
1-2: Ground out 4-3 (Groundball, 4, EV 87.5 MPH)
Batting: LHB Eric Bailey 0-0: Ball
1-0: Called Strike
1-1: Ball
2-1: Ball
3-1: Base on Balls
Batting: RHB Dale Young 0-0: Reached on error, E8 (Flyball, 8RXD, EV 100.0 MPH)
Eric Bailey to third
Batting: RHB Tony Stedman 0-0: Ball
1-0: Called Strike
1-1: Foul Ball, location: 2F
1-2: Ball
2-2: Ball
3-2: Strikes out looking
Batting: RHB Willie Chavez 0-0: Called Strike
0-1: Ball
1-1: Foul Ball, location: 2F
1-2: Strikes out looking
Bottom of the 10th over - 0 runs, 0 hits, 1 error, 2 left on base; Oakland 1 - Miami Beach 1
TOP OF THE 11TH
Oakland Oaks batting - Pitching for Miami Beach Marlins : RHP Alberto Negrete
Batting: RHB Antonio Olivares 0-0: Called Strike
0-1: Foul Ball, location: 2F
0-2: Ball
1-2: Ground out 1-3 (Groundball, 13, EV 75.6 MPH)
Batting: LHB Alejandro Muniz 0-0: Ball
1-0: Called Strike
1-1: Ball
2-1: Foul Ball, location: 2F
2-2: Foul Ball, location: 2F
2-2: Ball
3-2: Foul Ball, location: 2F
3-2: Fly out, F6 (Flyball, 56D, EV 83.1 MPH)
Batting: SHB Steve Salafia 0-0: SINGLE (Line Drive, 78M, EV 96.3 MPH)
Batting: RHB Marcus Kressley 0-0: Called Strike
0-1: Called Strike
0-2: Strikes out looking
Top of the 11th over - 0 runs, 1 hit, 0 errors, 1 left on base; Oakland 1 - Miami Beach 1
BOTTOM OF THE 11TH
Miami Beach Marlins batting - Pitching for Oakland Oaks : LHP Kevin Clark
Batting: RHB Erik Coleman 0-0: Ball
1-0: SINGLE (Groundball, 6S, EV 64.4 MPH) (infield hit)
Batting: RHB J.D. Vander Klok 0-0: Ball
1-0: Fly out, F9 (Flyball, 89D, EV 99.4 MPH)
Runner from 1st tags up, SAFE at 2nd
Batting: RHB Andy Kelly 0-0: Intentional Walk
Pitching: RHP Chad Cooper
Pinch Hitting: LHB Angelo Estrella 0-0: Foul Ball, location: 2F
0-1: Ball
1-1: Ball
2-1: Fly out, F7 (Flyball, 7, EV 87.5 MPH)
Batting: LHB Jose Bregaro 0-0: Ball
1-0: Ball
2-0: Ball
3-0: Base on Balls
Erik Coleman to third
Andy Kelly to second
Batting: LHB Eric Bailey 0-0: Called Strike
0-1: Ball
1-1: Ball
2-1: Swinging Strike
2-2: Foul Ball, location: 2F
2-2: Fielders Choice at 2nd, 5-4 (Groundball, 56, EV 100.0 MPH)
Bottom of the 11th over - 0 runs, 1 hit, 0 errors, 3 left on base; Oakland 1 - Miami Beach 1
TOP OF THE 12TH
Oakland Oaks batting - Pitching for Miami Beach Marlins : RHP Alberto Negrete
Now at 1B: Matt McKeon
Batting: LHB Marcus Pollard 0-0: Ground out 6-3 (Groundball, 6, EV 80.6 MPH)
Batting: RHB Jon Coakley 0-0: Ball
1-0: Called Strike
1-1: Called Strike
1-2: Strikes out swinging
Batting: RHB Jake Leffel 0-0: Ball
1-0: Called Strike
1-1: Called Strike
1-2: Ball
2-2: Foul Ball, location: 2F
2-2: Strikes out swinging
Top of the 12th over - 0 runs, 0 hits, 0 errors, 0 left on base; Oakland 1 - Miami Beach 1
BOTTOM OF THE 12TH
Miami Beach Marlins batting - Pitching for Oakland Oaks : RHP Chad Cooper
Batting: RHB Dale Young 0-0: Ball
1-0: Swinging Strike
1-1: Foul Ball, location: 2F
1-2: Ball
2-2: Strikes out swinging
Batting: RHB Tony Stedman 0-0: Called Strike
0-1: Foul Ball, location: 2F
0-2: Strikes out swinging
Batting: RHB Willie Chavez 0-0: Foul Ball, location: 2F
0-1: Ball
1-1: Called Strike
1-2: Fly out, F3 (Popup, 3SF, EV 85.6 MPH)
Bottom of the 12th over - 0 runs, 0 hits, 0 errors, 0 left on base; Oakland 1 - Miami Beach 1
TOP OF THE 13TH
Oakland Oaks batting - Pitching for Miami Beach Marlins : RHP Alberto Negrete
Pinch Hitting: LHB Mike Adams 0-0: Ground out 5-3 (Groundball, 5L, EV 98.8 MPH)
Batting: RHB Brian Callaghan 0-0: Ball
1-0: Called Strike
1-1: DOUBLE (Line Drive, 7LD, EV 98.8 MPH)
Pitching: RHP Mike Yorke
Batting: RHB Antonio Olivares 0-0: Ball
1-0: Called Strike
1-1: Ball
2-1: Ball
3-1: Fly out, F5 (Popup, 5SF, EV 81.3 MPH)
Batting: LHB Alejandro Muniz 0-0: Intentional Walk
Batting: SHB Steve Salafia 0-0: SINGLE (Line Drive, 6D, EV 95.0 MPH)
Brian Callaghan to third
Alejandro Muniz to second
Runner from 3rd tries for Home, SAFE, throw by CF to home
Batting: RHB Marcus Kressley 0-0: SINGLE (Groundball, 34D, EV 103.1 MPH)
Alejandro Muniz to third
Steve Salafia to second
Runner from 3rd tries for Home, SAFE, throw by RF to home
Batting: LHB Marcus Pollard 0-0: Swinging Strike
0-1: Ball
1-1: Ground out 3-1 (Groundball, 34, EV 84.4 MPH)
Top of the 13th over - 2 runs, 3 hits, 0 errors, 2 left on base; Oakland 3 - Miami Beach 1
BOTTOM OF THE 13TH
Miami Beach Marlins batting - Pitching for Oakland Oaks : RHP Chad Cooper
Now at 3B: Rusty Prodoehl
Batting: RHB Erik Coleman 0-0: Ball
1-0: Swinging Strike
1-1: Ball
2-1: SINGLE (Groundball, 34D, EV 96.3 MPH)
Batting: RHB J.D. Vander Klok 0-0: Called Strike
0-1: Ball
1-1: Foul Ball, location: 2F
1-2: Strikes out looking
Batting: RHB Andy Kelly 0-0: Ball
1-0: Called Strike
1-1: Ball
2-1: Ball
3-1: Base on Balls
Erik Coleman to second
Batting: LHB Matt McKeon 0-0: Called Strike
0-1: Ball
1-1: Swinging Strike
1-2: Ball
2-2: Ball
3-2: SINGLE (Flyball, 5D, EV 88.8 MPH)
Erik Coleman to third
Andy Kelly to second
Batting: LHB Jose Bregaro 0-0: Ball
1-0: SINGLE (Flyball, 5D, EV 77.5 MPH)
Erik Coleman scores
Andy Kelly to third
Matt McKeon to second
Batting: LHB Eric Bailey 0-0: Ball
1-0: Foul Ball, location: 2F
1-1: Ball
2-1: Foul Ball, location: 2F
2-2: GRAND SLAM HOME RUN (Line Drive, 89XD, EV 115.6 MPH), Distance : 446 ft
Bottom of the 13th over - 5 runs, 4 hits, 0 errors, 0 left on base; Oakland 3 - Miami Beach 6
Game Over ... Miami Beach defeats Oakland, 6 to 3
Thursday, March 31st , 2022 - OOTP Baseball 22.12 Build 89